 Dungeon Sprint DCSS version 0.19.1 (webtiles) character file.

15846 equalderp2856 the Eviscerator (level 12, -4/55 HPs)
             Began as a Felid Fighter on Nov 29, 2016.
             Was the Champion of Lugonu.
             Slain by a nagaraja
             ... wielding a +0 flail
              (7 damage)
             ... in the Dungeon (Sprint IX: "|||||||||||||||||||||||||||||").
             The game lasted 00:11:55 (5153 turns).

equalderp2856 the Eviscerator (Felid Fighter)       Turns: 5153, Time: 00:11:55

Health: -4/55      AC:  3    Str: 14    XL:     12   Next: 4%
Magic:  22/22      EV: 36    Int: 11    God:    Lugonu [******]
Gold:   992        SH:  0    Dex: 20    Spells: 0 memorised, 11 levels left
                                        Lives:  0   Deaths: 2

rFire  . . .     SeeInvis +       - Unarmed
rCold  + . .     Gourm    .     (armour unavailable)
rNeg   . . .     Faith    .     (shield unavailable)
rPois  .         Spirit   .     (helmet unavailable)
rElec  .         Reflect  .     (cloak unavailable)
rCorr  .         Harm     .     (gloves unavailable)
MR     +....     NoTele   +     (boots unavailable)
Stlth  +++++++...               t - amulet of regeneration
                                s - +4 ring of evasion
                                n - +3 ring of dexterity

@: constricted, quick
A: no armour, no weapons or thrown items, stealth, claws 1, fangs 3, see
invisible, carnivore 3, speed 1, shaggy fur 3, slow metabolism 1, sharp paws
a: Bend Space, Banish, Corrupt, Renounce Religion


You were in the Dungeon.
You worshipped Lugonu.
Lugonu was exalted by your worship.
You were not hungry.

You visited 1 branch You collected 1916 gold pieces.
You spent 924 gold pieces at shops.

Inventory:

Jewellery
 m - a +2 ring of evasion
 n - a +3 ring of dexterity (left paw)
 s - a +4 ring of evasion (right paw)
 t - an amulet of regeneration (around neck)
 v - an uncursed ring of poison resistance
 w - an uncursed amulet of regeneration
Wands
 l - a wand of lightning (7/15)
 u - a wand of disintegration (15/24)
Scrolls
 h - 4 scrolls of blinking
 j - 3 scrolls of remove curse
 k - 2 scrolls of amnesia
 o - 2 scrolls of identify
 p - 4 scrolls of fog
 q - a scroll of recharging
Potions
 a - 2 potions of might
 c - a potion of invisibility
 d - a potion of agility
 e - a potion of haste
 f - 4 potions of magic
 g - 3 potions of berserk rage
 i - 6 potions of curing
 x - 2 potions of heal wounds
Comestibles
 b - 12 meat rations


   Skills:
 + Level 8.1 Fighting
 + Level 18.7 Dodging
 + Level 15.6 Stealth
 + Level 25.4 Unarmed Combat
 * Level 12.3 Invocations


You had 11 spell levels left.
You didn't know any spells.

Dungeon Overview and Level Annotations

Branches:
Dungeon (1/1)

Altars:
Cheibriados
Dithmenos
Elyvilon
Fedhas
Gozag
Hepliaklqana
Kikubaaqudgha
Makhleb
Nemelex Xobeh
Okawaru
Qazlal
Ru
Sif Muna
Trog
Uskayaw
Vehumet
Xom
Yredelemnul
Zin
The Shining One
Beogh
Jiyva
Lugonu

Shops:
D [!=*

Annotations:
D corrupted


Innate Abilities, Weirdness & Mutations

You cannot wear armour.
You are incapable of wielding weapons or throwing items.
Your paws allow you to move quietly. (Stealth)
You have sharp claws.
You have razor-sharp teeth.
You have supernaturally acute eyesight. (SInv)
You are carnivorous and can eat meat at any time.
You cover ground quickly.
Your thick and shaggy fur keeps you warm. (AC +3, rC+)
You have a slow metabolism.
Your sharp claws are effective at attacking unaware monsters.


Message History

You see here an anaconda corpse.
The nagaraja hits you with a flail!
* * * LOW HITPOINT WARNING * * *
The nagaraja grabs you.
* * * LOW HITPOINT WARNING * * *
The nagaraja constricts you.
You mangle the nagaraja!!
The nagaraja is moderately wounded.
You scratch the nagaraja but do no damage.
The nagaraja is moderately wounded.
The nagaraja completely misses you.
* * * LOW HITPOINT WARNING * * *
The nagaraja constricts you!
You barely miss the nagaraja.
The nagaraja is moderately wounded.
You scratch the nagaraja.
The nagaraja is moderately wounded.
The nagaraja casts a spell at you. You resist with some effort.
You die...

........)(......)......)..▓
▓▓▓▓▓▓▓▓▓▓▓▓▓▓▓▓▓▓▓▓▓▓▓▓▓.▓
)......)))))).)....)......▓
▓▓▓▓▓▓▓▓▓▓▓▓▓▓▓▓▓▓▓▓▓▓▓▓▓▓▓
....................).....▓
▓▓▓▓▓▓▓▓▓▓▓▓▓▓▓▓▓▓▓▓▓▓▓▓▓.▓
)).))))))))...=='..p......▓
▓▓▓▓▓▓▓▓▓▓▓▓▓▓▓▓▓▓▓▓▓▓▓▓▓▓▓
..............†.@N........▓
♣▓▓▓▓▓▓▓▓▓▓▓▓▓▓▓▓▓▓▓▓▓▓▓▓.▓
SSSSNSS((..............▓
♣▓▓▓▓▓▓▓▓▓▓▓▓▓▓▓▓▓▓▓▓▓▓▓▓▓▓
.................J........▓
▓▓▓▓▓▓▓▓▓▓▓▓▓▓▓▓▓▓▓▓▓▓▓▓▓.▓
C.D.)))T...p........J.....▓
▓▓▓▓▓▓▓▓▓▓▓▓▓▓▓▓▓▓▓▓▓▓▓▓▓▓▓


You could see a nagaraja.

Vanquished Creatures
  Kirke (D)
  Frances (D)
  A ghost moth (D)
  2 stone giants (D)
  Azrael (D)
  An ettin (D)
  A great orb of eyes (D)
  3 ogre magi (D)
  An anaconda (D)
  A merfolk avatar (D)
  A centaur warrior (D)
  3 tengu warriors (D)
  2 shock serpents (D)
  A naga sharpshooter (D)
  2 sea snakes (D)
  A hill giant (D)
  A wizard (D)
  A swamp dragon (D)
  2 orc knights (D)
  A harpy (D)
  An ugly thing (D)
  A necromancer (D)
  A wolf spider (D)
  2 manticores (D)
  2 orb spiders (D)
  A deep elf mage (D)
  2 elephants (D)
  Joseph (D)
  A siren (D)
  A naga mage (D)
  A black mamba (D)
  Maurice (D)
  4 spiny frogs (D)
  2 komodo dragons (D)
  A demonic crawler (D)
  A tengu conjurer (D)
  A jumping spider (D)
  2 polar bears (D)
  A merfolk (D)
  A tyrant leech (D)
  A hornet (D)
  6 two-headed ogres (D)
  2 hippogriffs (D)
  A blink frog (D)
  2 redbacks (D)
  A water elemental (D)
  3 hogs (D)
  A yak (D)
  3 fire elementals (D)
  A basilisk (D)
  A vampire (D)
  A water moccasin (D)
  An ice beast (D)
  6 black bears (D)
  An eye of draining (D)
  A sky beast (D)
  A phantom (D)
  6 ogres (D)
  14 orc warriors (D)
  A boggart (D)
  A centaur (D)
  4 crocodiles (D)
  2 bullfrogs (D)
  A scorpion (D)
  2 killer bees (D)
  A crimson imp (D)
  An orc priest (D)
  4 orc wizards (D)
  2 worker ants (D)
  5 orcs (D)
  2 bat zombies (D)
  A giant cockroach (D)
  A goblin (D)
  A hobgoblin (D)
  A quokka (D)
  A bat (D)
  A frilled lizard (D)
  A rat (D)
142 creatures vanquished.

Vanquished Creatures (others)
  A guardian serpent (D)
  A human (D)
  3 hell hounds (D)
  A swamp drake (D)
  2 briar patches (D)
8 creatures vanquished.

Grand Total: 150 creatures vanquished

Notes
Turn   | Place    | Note
-------+----------+-------------------------------------------
     0 | D        | equalderp2856 the Felid Fighter began the quest for the Orb.
     0 | D        | Reached XP level 1. HP: 10/10 MP: 2/2
    23 | D        | Noticed an ogre
    23 | D        | Noticed a crimson imp
    23 | D        | Noticed a scorpion
    31 | D        | Killed a scorpion
    31 | D        | Reached skill level 5 in Dodging
    31 | D        | Reached skill level 6 in Unarmed Combat
    31 | D        | Reached XP level 2. HP: 5/15 MP: 3/3
    31 | D        | Reached XP level 3. HP: 6/18 MP: 4/4
    37 | D        | Reached skill level 7 in Unarmed Combat
    37 | D        | Reached XP level 4. HP: 5/22 MP: 5/5
    43 | D        | Killed an ogre
    43 | D        | Reached skill level 5 in Fighting
    43 | D        | Reached skill level 9 in Unarmed Combat
    43 | D        | Reached XP level 5. HP: 26/26 MP: 6/6
    54 | D        | Found a roughly hewn altar of Beogh.
    54 | D        | Found a snail-covered altar of Cheibriados.
    54 | D        | Found a shadowy altar of Dithmenos.
    54 | D        | Found a white marble altar of Elyvilon.
    54 | D        | Found a blossoming altar of Fedhas.
    54 | D        | Found an opulent altar of Gozag.
    55 | D        | Found a hazy altar of Hepliaklqana.
    56 | D        | Found a viscous altar of Jiyva.
   118 | D        | Found an ancient bone altar of Kikubaaqudgha.
   119 | D        | Found a corrupted altar of Lugonu.
   120 | D        | Found a burning altar of Makhleb.
   121 | D        | Found a sparkling altar of Nemelex Xobeh.
   122 | D        | Found an iron altar of Okawaru.
   123 | D        | Found a stormy altar of Qazlal.
   124 | D        | Found a sacrificial altar of Ru.
   125 | D        | Found a deep blue altar of Sif Muna.
   126 | D        | Found a bloodstained altar of Trog.
   127 | D        | Found a hide-covered altar of Uskayaw.
   128 | D        | Found a radiant altar of Vehumet.
   129 | D        | Found a shimmering altar of Xom.
   130 | D        | Found a basalt altar of Yredelemnul.
   131 | D        | Found a glowing silver altar of Zin.
   143 | D        | Became a worshipper of Lugonu the Unformed
   143 | D        | Reached * piety under Lugonu
   149 | D        | Found a glowing golden altar of the Shining One.
   176 | D        | Noticed a centaur
   176 | D        | Noticed a crocodile
   176 | D        | Noticed an ice beast
   186 | D        | Killed an ice beast
   186 | D        | Reached skill level 10 in Unarmed Combat
   186 | D        | Gained mutation: You are covered in thick fur. (AC +2) [Felid growth]
   186 | D        | Reached XP level 6. HP: 17/31 MP: 7/7
   191 | D        | Reached skill level 11 in Unarmed Combat
   500 | D        | Reached ** piety under Lugonu
   500 | D        | Reached skill level 1 in Stealth
   743 | D        | Reached skill level 12 in Unarmed Combat
   835 | D        | Noticed a vampire
   835 | D        | Noticed a sky beast
   837 | D        | Killed a sky beast
   837 | D        | Reached *** piety under Lugonu
   837 | D        | Reached skill level 10 in Dodging
   837 | D        | Reached XP level 7. HP: 33/35 MP: 8/8
   938 | D        | Killed a vampire
   938 | D        | Reached skill level 13 in Unarmed Combat
   983 | D        | Reached **** piety under Lugonu
  1359 | D        | Noticed a yak
  1359 | D        | Noticed a blink frog
  1359 | D        | Noticed a komodo dragon
  1363 | D        | Noticed a spiny frog
  1363 | D        | Killed a komodo dragon
  1363 | D        | Reached skill level 14 in Unarmed Combat
  1363 | D        | Reached XP level 8. HP: 32/40 MP: 9/9
  1368 | D        | Noticed an elephant
  1370 | D        | Noticed a spiny frog
  1372 | D        | Reached skill level 5 in Stealth
  1374 | D        | Reached ***** piety under Lugonu
  1387 | D        | Killed a blink frog
  1387 | D        | Reached skill level 15 in Unarmed Combat
  1391 | D        | Killed a spiny frog
  1391 | D        | Reached XP level 9. HP: 37/43 MP: 10/10
  1633 | D        | Killed an elephant
  1633 | D        | Reached skill level 16 in Unarmed Combat
  1636 | D        | Killed a spiny frog
  1776 | D        | Noticed a spiny frog
  1776 | D        | Noticed a komodo dragon
  1779 | D        | Noticed an elephant
  1784 | D        | Killed a komodo dragon
  1791 | D        | Noticed a spiny frog
  1793 | D        | Reached ****** piety under Lugonu
  1793 | D        | Reached skill level 17 in Unarmed Combat
  1939 | D        | Killed a spiny frog
  1954 | D        | Killed an elephant
  1954 | D        | Reached XP level 10. HP: 39/48 MP: 11/11
  2025 | D        | Killed a spiny frog
  2025 | D        | Reached skill level 18 in Unarmed Combat
  2111 | D        | Reached skill level 15 in Dodging
  2331 | D        | Reached skill level 19 in Unarmed Combat
  2590 | D        | Noticed an orc knight
  2603 | D        | Killed an orc knight
  2603 | D        | Reached skill level 1 in Invocations
  2800 | D        | Noticed an orc knight
  3091 | D        | Killed an orc knight
  3156 | D        | Found Meifrips's General Store.
  3161 | D        | Reached skill level 20 in Unarmed Combat
  3161 | D        | Reached XP level 11. HP: 51/51 MP: 14/14
  3162 | D        | Found Cetadea's Jewellery Shop.
  3168 | D        | Found Toul's Distillery.
  3177 | D        | Found Ysocw's Armour Shop.
  3183 | D        | Reached skill level 10 in Stealth
  3184 | D        | Noticed an ogre mage
  3186 | D        | Noticed an ogre mage
  3197 | D        | Killed an ogre mage
  3203 | D        | Killed an ogre mage
  3203 | D        | Reached skill level 5 in Invocations
  3211 | D        | Reached skill level 21 in Unarmed Combat
  3270 | D        | Bought a +4 ring of evasion for 504 gold pieces
  3270 | D        | Bought an uncursed amulet of regeneration for 420 gold pieces
  3308 | D        | Noticed Joseph
  3313 | D        | Noticed Maurice
  3315 | D        | Killed Joseph
  3321 | D        | Killed Maurice
  3425 | D        | Noticed a deep elf mage
  3426 | D        | Noticed a hill giant
  3428 | D        | Noticed a tengu warrior
  3440 | D        | Noticed a great orb of eyes
  3706 | D        | Killed a deep elf mage
  3712 | D        | Killed a hill giant
  3802 | D        | Killed a tengu warrior
  3859 | D        | Killed a great orb of eyes
  3874 | D        | Noticed a brown ugly thing
  3888 | D        | Killed a brown ugly thing
  3888 | D        | Reached skill level 22 in Unarmed Combat
  3899 | D        | Noticed a stone giant
  3903 | D        | Noticed an ogre mage
  3906 | D        | Noticed a tengu warrior
  3920 | D        | Killed a stone giant
  3920 | D        | Gained mutation: Your thick and shaggy fur keeps you warm. (AC +3, rC+) [Felid growth]
  3920 | D        | Reached XP level 12. HP: 34/55 MP: 17/19
  3926 | D        | Killed an ogre mage
  3979 | D        | Killed a tengu warrior
  4035 | D        | Noticed a stone giant
  4036 | D        | Noticed a centaur warrior
  4050 | D        | Killed a stone giant
  4053 | D        | Killed a centaur warrior
  4058 | D        | Corrupted D
  4096 | D        | Noticed Azrael
  4106 | D        | Killed Azrael
  4124 | D        | Noticed Kirke
  4133 | D        | Reached skill level 23 in Unarmed Combat
  4146 | D        | Killed Kirke
  4207 | D        | Noticed an anaconda
  4221 | D        | Shot with an arrow by a naga sharpshooter
  4222 | D        | Reached XP level 11. HP: 0/51 MP: 19/19
  4227 | D        | Noticed a hell knight
  4227 | D        | Noticed a tengu warrior
  4227 | D        | Noticed a necromancer
  4227 | D        | Noticed an ettin
  4227 | D        | Noticed a wizard
  4228 | D        | Noticed a deep troll earth mage
  4229 | D        | Killed a wizard
  4230 | D        | Noticed an ice dragon
  4231 | D        | Killed an ettin
  4231 | D        | Reached skill level 10 in Invocations
  4232 | D        | Noticed a fire giant
  4236 | D        | Killed a necromancer
  4243 | D        | Killed a tengu warrior
  4333 | D        | Noticed Frances
  4354 | D        | Killed Frances
  4354 | D        | Reached skill level 24 in Unarmed Combat
  4354 | D        | Reached XP level 12. HP: 26/55 MP: 20/20
  4477 | D        | Noticed a merfolk avatar
  4498 | D        | Reached skill level 15 in Stealth
  4507 | D        | Killed a merfolk avatar
  4528 | D        | Noticed a ghost moth
  4550 | D        | Killed a ghost moth
  4550 | D        | Reached skill level 25 in Unarmed Combat
  4672 | D        | Noticed a thorn hunter
  4673 | D        | Noticed an alligator
  4692 | D        | Mangled by a thorn hunter
  4693 | D        | Reached XP level 11. HP: -9/51 MP: 20/20
  4964 | D        | Killed a shock serpent
  4974 | D        | Killed a naga sharpshooter
  5111 | D        | Killed a shock serpent
  5141 | D        | Noticed a nagaraja
  5146 | D        | Killed an anaconda
  5146 | D        | Reached XP level 12. HP: 24/55 MP: 22/22
  5151 | D        | HP: 2/55 [nagaraja/flail (7)]
  5153 | D        | Slain by a nagaraja

Skill      XL: |  1  2  3  4  5  6  7  8  9 10 11 12 |
---------------+-------------------------------------+-----
Fighting       | 4 5 6 7 8 |  8.1
Dodging        | 5 6 7 8 10 11 12 14 15 16 18 | 18.7
Unarmed Combat | 6 7 9 10 12 14 15 17 20 24 25 | 25.4
Stealth        | 2 4 6 8 9 14 15 | 15.6
Invocations    | 3 12 11 | 12.3

Action                   |  1- 3 |  4- 6 |  7- 9 | 10-12 || total
-------------------------+-------+-------+-------+-------++-------
Melee: Unarmed           |    25 |    41 |   120 |   453 ||   639
       Bite              |     2 |     6 |    21 |    81 ||   110
       Punch             |       |     2 |    13 |    60 ||    75
Invok: Bend Space        |       |       |       |     5 ||     5
       Banish            |       |       |       |     1 ||     1
       Corrupt           |       |       |       |     1 ||     1
  Use: Potion            |     1 |     1 |     2 |     5 ||     9
       Scroll            |       |       |       |     1 ||     1
 Stab: Sleeping          |       |     1 |     1 |     7 ||     9
       Distracted        |       |       |     1 |     4 ||     5
  Eat: Meat ration       |       |       |     1 |       ||     1
Armor: Skin              |     3 |       |     1 |     7 ||    11
Dodge: Dodged            |    28 |    26 |   109 |   338 ||   501
